 Dungeon Crawl Stone Soup version 0.16.3-4-gc506b73efe (webtiles) character file.

75 B0ngwiz42069 the Charmwright (level 4, 0/29 HPs)
             Began as a High Elf Skald on Dec 26, 2023.
             Killed by nerve-wracking pain
             ... invoked by an orc priest
              (13 damage)
             ... on level 3 of the Dungeon.
             The game lasted 00:07:06 (2423 turns).

B0ngwiz42069 the Charmwright (High Elf Skald)       Turns: 2423, Time: 00:07:06

Health: 0/29       AC:  3    Str: 11    XL:     4   Next: 11%
Magic:  9/12       EV: 11    Int: 17    God:
Gold:   74         SH:  0    Dex: 14    Spells: 3 memorised, 2 levels left

rFire  . . .     SeeInvis .     a - +0 falchion
rCold  . . .     Clarity  .     b - +0 leather armour
rNeg   . . .     SustAb   .     (no shield)
rPois  .         Gourm    .     (no helmet)
rElec  .         Spirit   .     (no cloak)
rCorr  .         Warding  .     (no gloves)
rMut   .         Stasis   .     (no boots)
MR     .....                    (no amulet)
Stlth  +.........               (no ring)
                                (no ring)

@: very slightly contaminated, regenerating, not resistant to hostile
enchantments, very unstealthy
A: no striking features
a: no special abilities


You were on level 3 of the Dungeon.
You were not hungry.

You visited 1 branch of the dungeon, and saw 3 of its levels.

You collected 74 gold pieces.

Inventory:

Hand weapons
 a - a +0 falchion (weapon)
 q - a +0 spear of pain
Missiles
 r - 2 throwing nets (quivered)
Armour
 b - a +0 leather armour (worn)
Magical devices
 t - a wand of digging (10)
Scrolls
 e - a scroll of enchant weapon {unknown}
 g - 2 scrolls of enchant armour {unknown}
 h - 2 scrolls of teleportation {unknown}
 l - a scroll of magic mapping {unknown}
 m - a scroll of recharging {unknown}
 o - a scroll of fear {unknown}
 u - a scroll of identify {unknown}
Potions
 i - a potion of magic {unknown}
 j - 2 potions of curing {unknown}
 k - a potion of agility {unknown}
 p - a potion of haste {unknown}
 s - a potion of invisibility {unknown}
Books
 c - a book of Battle

   Spells                             Type                      Level
   a - Infusion                       Charms                       1
   b - Shroud of Golubria             Charms/Translocation         2
   c - Song of Slaying                Charms                       2
   d - Spectral Weapon                Hexes/Charms                 3
   e - Regeneration                   Charms/Necromancy            3
Comestibles
 d - 3 bread rations
 f - a royal jelly
 n - a chunk of flesh


   Skills:
 - Level 2.0 Fighting
 + Level 3.2 Long Blades
 - Level 0.8 Armour
 + Level 1.5 Dodging
 + Level 0.5 Stealth
 * Level 3.4 Spellcasting
 * Level 4.5 Charms


You had 2 spell levels left.
You knew the following spells:

 Your Spells              Type           Power        Failure   Level  Hunger
a - Infusion              Chrm           ###...       4%          1    None
b - Regeneration          Chrm/Necr      ##........   28%         3    ###....
c - Spectral Weapon       Hex/Chrm       ##......     28%         3    ###....


Dungeon Overview and Level Annotations

Branches:
Dungeon (3/15)

Altars:
Elyvilon
Vehumet


Message History

The orc shouts!
Found a royal jelly.
An orc comes into view. It is wielding a hand axe.
The orc shouts!
The orc moves out of view.
Found 25 stones.
The orc priest invokes the aid of Beogh against you.
Something smites you! The orc misses you. The orc barely misses you.
Casting: Infusion
Confirm with . or Enter, or press ? or * to list all spells.
Your skin crawls.
The orc priest hits you but does no damage.
The orc hits you with a falchion!
You slash the orc priest!
The orc priest is heavily wounded.
The orc priest invokes the aid of Beogh against you.
Pain shoots through your body!
You die...

#.. # #........##.##
... ...............#
.. ..# .#####..####
##.##.# .# ##...##
#...#.##.####.....#
#.#.........>.....#
#.##(..#.#..####.....#
#%...ooo....# ##...##
###...#@....#####.###
#.###.?..........####
#. ##..............#
#......#######.#
##....[##### #.#
#..........# #.#
.<.#....####.# #.###
#.###.#.# #.# #.... #.
#.... #.####.###


You could see an orc priest and 2 orcs.

Vanquished Creatures
  3 adders
  A worm (D:1)
  An orc (D:3)
  3 giant cockroaches
  5 goblins
  6 hobgoblins
  2 kobolds
  2 quokkas (D:2)
  6 bats
  2 giant newts (D:2)
  2 jackals (D:2)
  8 rats
41 creatures vanquished.

Notes
Turn   | Place    | Note
--------------------------------------------------------------
     0 | D:1      | B0ngwiz42069, the High Elf Skald, began the quest for the Orb.
     0 | D:1      | Reached XP level 1. HP: 14/14 MP: 4/4
   168 | D:1      | Reached XP level 2. HP: 19/19 MP: 6/6
   774 | D:1      | Reached skill level 4 in Charms
  1220 | D:2      | Reached XP level 3. HP: 10/24 MP: 8/8
  1404 | D:2      | Learned a level 3 spell: Regeneration
  1408 | D:2      | Learned a level 3 spell: Spectral Weapon
  1621 | D:2      | Found a white marble altar of Elyvilon.
  1772 | D:2      | Found a radiant altar of Vehumet.
  2255 | D:3      | Reached XP level 4. HP: 19/29 MP: 8/12
  2423 | D:3      | Killed from afar by an orc priest

Action                   |  1- 3 |  4- 6 || total
-------------------------+-------+-------++-------
Melee: Falchion          |   120 |     4 ||   124
 Cast: Infusion          |     3 |       ||     3
       Regeneration      |     3 |     1 ||     4
  Eat: Chunk             |     4 |     1 ||     5
